 Dungeon Crawl Stone Soup version 0.31.0-32-g396128a36d (webtiles) character file.

Game seed: 4659821362136127728

893 gohu the Magician (level 8, -1/50 HPs)
             Began as a Djinni Fire Elementalist on Mar 14, 2024.
             Killed from afar by an electric eel (4 damage)
             ... with a bolt of electricity
             ... on level 6 of the Dungeon.
             The game lasted 00:06:28 (3476 turns).

gohu the Magician (Djinni Fire Elementalist)        Turns: 3476, Time: 00:06:29

Health: -1/50      AC:  4    Str:  7    XL:     8   Next: 27%
Gold:   190        EV: 12    Int: 19    God:
                   SH:  0    Dex: 14

rFire   + + .        (no weapon)
rCold   x . .        (no shield)
rNeg    . . .        a - +0 robe
rPois   ∞            p - +0 helmet
rElec   .            (no cloak)
rCorr   .            l - +0 pair of gloves
SInv    .            (boots unavailable)
Will    .....        (no amulet)
Stlth   ++           (no ring)
HPRegen 0.28/turn    (no ring)
MPRegen 0.00/turn

%: infuse magic (-2 HP)
@: flying
A: sickness immunity, fire resistance 2, cold vulnerability 1, float, innate
caster, HP casting, extra vitality 1
a: no special abilities


You were on level 6 of the Dungeon.
You visited 1 branch of the dungeon, and saw 4 of its levels.
You also visited: Sewer.

You collected 190 gold pieces.

Inventory:

Armour
 a - a +0 robe (worn)
 l - a +0 pair of gloves (worn)
 p - a +0 helmet (worn)
Jewellery
 c - a ring of fire
 q - a ring of fire
 r - an amulet of reflection
Scrolls
 d - a scroll of revelation
 g - a scroll of blinking
 k - a scroll of immolation
 m - 2 scrolls of summoning {unknown}
 o - a scroll of identify {unknown}
 s - 2 scrolls of vulnerability {unknown}
Potions
 b - a potion of berserk rage
 e - a potion of haste {unknown}
 f - 4 potions of curing {unknown}
 h - 2 potions of cancellation {unknown}
 i - a potion of lignification {unknown}
 j - a potion of mutation {unknown}
 n - a potion of heal wounds {unknown}
 t - a potion of ambrosia {unknown}


   Skills:
 - Level 2.1 Dodging
 - Level 1.5 Stealth
 * Level 7.6 Spellcasting
 * Level 7.6 Conjurations
 * Level 7.6 Hexes
   Level 0.0 Charms
 * Level 7.6 Summonings
 * Level 7.6 Necromancy
 * Level 7.6 Translocations
   Level 0.0 Transmutations
 * Level 7.6 Fire Magic
 * Level 7.6 Ice Magic
 * Level 7.6 Air Magic
 * Level 7.6 Earth Magic
 * Level 7.6 Alchemy


You knew the following spells:

 Your Spells              Type           Power      Damage    Failure   Level
a - Foxfire               Conj/Fire      100%       2x1d9     1%          1
b - Scorch                Fire           72%        2d8       1%          2
c - Flame Wave            Conj/Fire      36%        2d10      4%          4
d - Inner Flame           Hex/Fire       36%        N/A       1%          3
e - Volatile Blastmotes   Fire/Tloc      72%        2d16      1%          3
f - Kiss of Death         Conj/Necr      100%       2d13      1%          1
g - Static Discharge      Conj/Air       72%        3-6/arc   1%          2
h - Jinxbite              Hex            72%        N/A       1%          2
Your spell library was empty.

Dungeon Overview and Level Annotations

Branches:
Dungeon (6/15)              Sewer (visited)
 Temple: D:4-7

Altars:
Xom
Zin

Shops:
D:3 *

Annotations:
D:3 3 runed translucent doors, Discosetron's ghost, weakling DECj


Innate Abilities, Weirdness & Mutations

You are immune to sickness and miasma.
You are immune to poison.
Your flesh is very heat resistant. (rF++)
You are vulnerable to cold. (rC-)
You float through the air rather than walking.
You learn spells naturally, not from books.
Your magical power is your life essence.
You have superior vitality. (+4 MHP)


Message History

The foxfire hits the gnoll bouda.
The gnoll bouda is heavily wounded.
Casting: Foxfire (safe; 1% risk of failure)
Confirm with . or Enter, or press ? or * to list all spells.
You conjure some foxfire!
The foxfire hits the gnoll bouda.
The gnoll bouda is severely wounded.
The orc priest looks braver for a moment.
The gnoll bouda is engulfed in a cloud of scalding steam.
You kill the gnoll bouda!
You hear a splash. x2
The foxfire hits the orc priest!
The orc priest is severely wounded.
Casting: Foxfire (safe; 1% risk of failure)
Confirm with . or Enter, or press ? or * to list all spells.
You conjure some foxfire!
The orc priest mumbles some strange prayers to Beogh against you.
Beogh smites you!
The foxfire hits the black bear but does no damage.
The black bear is moderately wounded.
Casting: Foxfire (safe; 1% risk of failure)
Confirm with . or Enter, or press ? or * to list all spells.
You conjure some foxfire!
Your attacks no longer feel as feeble.
The foxfire hits the orc priest!
You kill the orc priest!
The electric eel shoots out a bolt of lightning at you!
The bolt of electricity misses you. The bolt of electricity hits you!
* * * LOW HITPOINT WARNING * * *
The foxfire hits the electric eel.
The electric eel is moderately wounded.
The foxfire hits the electric eel.
The electric eel is moderately wounded.
The electric eel is engulfed in a cloud of scalding steam.
The electric eel shoots out a bolt of lightning at you!
The bolt of electricity hits you!
* * * LOW HITPOINT WARNING * * *
The electric eel shoots out a bolt of lightning at you!
The bolt of electricity hits you.
You die...

*,,,,*******,,,..)...........,,
*,,,<* #######))))~~~.....,,
*,,,,* *#≈≈≈≈≈≈≈≈≈§~~P~..~~~~
**,,,* *≈≈≈≈≈≈≈≈≈S≈§≈≈≈≈~~~~~
*,,,* **###≈≈≈~≈~~≈≈≈≈≈≈≈≈~~
**,** ####~.~.≈~≈~~~≈~~~~
*****#*##*#..~~.....~~~..~~~,
*,...#.##................,,
*,........@####...#.###..,,
*,.........####...#.# **#,,
**...........###..#.#* ***
*............#...#,.* *,*
**................#..****,,
*,..##.......##......,,*,,,
*,.,,##..............,,,,.*
*,,,,*#.........#.#..,,,,..
**,,..##........###*.,,,,,.


You could see an electric eel.

Vanquished Creatures
  A water moccasin (D:6)
  A sky beast (D:6)
  Pargi (Sewer)
  An ogre (D:6)
  A phantom (D:6)
  A brain worm (Sewer)
  2 electric eels (D:6)
  A gnoll bouda (D:6)
  2 hounds (D:6)
  An orc priest (D:6)
  An iguana (D:3)
  2 adders
  5 gnolls (D:6)
  A shadow imp (D:6)
  2 dart slugs
  2 ribbon worms
  5 orcs
  2 ball pythons (D:2)
  7 endoplasms
  3 giant cockroaches (D:1)
  4 goblins
  3 hobgoblins
  4 jackals (D:3)
  2 quokkas
  12 bats
  2 frilled lizards
  3 kobolds
  6 rats
78 creatures vanquished.

Vanquished Creatures (others)
  265 foxfires
265 creatures vanquished.

Grand Total: 343 creatures vanquished

Notes
Turn   | Place    | Note
-------+----------+-------------------------------------------
     0 | D:1      | gohu the Djinni Fire Elementalist began the quest for the
                  | Orb.
     0 | D:1      | gohu set off with the following spells memorised: Foxfire,
                  | Scorch, Volatile Blastmotes, Inner Flame, Flame Wave.
     0 | D:1      | Reached XP level 1. HP: 15/15 MP: 0/0
   151 | D:1      | Reached XP level 2. HP: 18/21 MP: 0/0
   855 | D:2      | Found a faded altar of an unknown god.
  1264 | D:2      | Reached XP level 3. HP: 24/25 MP: 0/0
  1264 | D:2      | Learned a level 1 spell: Kiss of Death
  1980 | D:3      | Reached XP level 4. HP: 19/31 MP: 0/0
  2157 | D:3      | Found a runed translucent gate.
  2158 | D:3      | Found a runed translucent gate.
  2161 | D:3      | Found a runed translucent gate.
  2166 | D:3      | Noticed Discosetron's ghost (weakling DECj)
  2504 | D:3      | Found Zin's Purification Station.
  2508 | D:3      | Found a glowing silver altar of Zin.
  2544 | D:3      | You are sucked into a shaft and drop 3 floors!
  2575 | D:6      | Found a shimmering altar of Xom.
  2609 | D:6      | Found a glowing drain.
  2621 | D:6      | Reached XP level 5. HP: 34/35 MP: 0/0
  2621 | D:6      | Learned a level 2 spell: Static Discharge
  2629 | Sewer    | Entered a sewer
  2688 | Sewer    | Noticed a brain worm
  2699 | Sewer    | Killed a brain worm
  2700 | Sewer    | Reached skill level 5 in Spellcasting
  2700 | Sewer    | Reached skill level 5 in Conjurations
  2700 | Sewer    | Reached skill level 5 in Hexes
  2700 | Sewer    | Reached skill level 5 in Summonings
  2700 | Sewer    | Reached skill level 5 in Necromancy
  2700 | Sewer    | Reached skill level 5 in Translocations
  2700 | Sewer    | Reached skill level 5 in Fire Magic
  2700 | Sewer    | Reached skill level 5 in Ice Magic
  2700 | Sewer    | Reached skill level 5 in Air Magic
  2700 | Sewer    | Reached skill level 5 in Earth Magic
  2700 | Sewer    | Reached skill level 5 in Alchemy
  2719 | Sewer    | Noticed Pargi
  2732 | Sewer    | Killed Pargi
  2733 | Sewer    | Reached XP level 6. HP: 30/40 MP: 0/0
  2952 | D:6      | Noticed a water moccasin
  2960 | D:6      | Killed a water moccasin
  2961 | D:6      | Reached XP level 7. HP: 29/45 MP: 0/0
  2961 | D:6      | Learned a level 2 spell: Jinxbite
  3200 | D:6      | Reached XP level 8. HP: 44/50 MP: 0/0
  3226 | D:6      | HP: 2/50 [electric eel/bolt of electricity (9)]
  3476 | D:6      | Killed from afar by an electric eel

Illustrated notes

Levels and vault maps discovered:
D:1:      dpeg_arrival_shrine, layout_basic, st_stairs_4,
          kennysheep_flooded_box, minmay_misc_feat_square, minmay_unequal
D:2:      minmay_chambers_of_twos, layout_basic,
          hellmonk_ecumenical_altar_blasted
D:3:      layout_basic, zin_purify, gammafunk_ghost_necromancy
D:6:      layout_cave_pools, mainiacjoe_overflow_alcove_2,
          nicolae_overflow_crystal_walls, cheibrodos_sewer_entry_bend,
          chequers_big_river, hangedman_abyss_or_decor_lesser_grid, uniq_sigmund

Skill      XL: |  1  2  3  4  5  6  7 |
---------------+----------------------+-----
Spellcasting   | 4 5 6 7 |  7.6
Conjurations   | 4 5 6 7 |  7.6
Hexes          | 4 5 6 7 |  7.6
Summonings     | 4 5 6 7 |  7.6
Necromancy     | 4 5 6 7 |  7.6
Translocations | 4 5 6 7 |  7.6
Fire Magic     | 4 5 6 7 |  7.6
Ice Magic      | 4 5 6 7 |  7.6
Air Magic      | 4 5 6 7 |  7.6
Earth Magic    | 4 5 6 7 |  7.6
Alchemy        | 4 5 6 7 |  7.6
Dodging        | |  2.1
Stealth        | |  1.5

Action                     |  1- 3 |  4- 6 |  7- 9 || total
---------------------------+-------+-------+-------++-------
   Cast: Foxfire           |    72 |    44 |    36 ||   152
         Scorch            |     3 |    17 |     4 ||    24
         Volatile Blastmot |       |     5 |     6 ||    11
    Use: Scroll            |       |     4 |       ||     4
 Armour: Robe              |     9 |    12 |    13 ||    34
  Dodge: Dodged            |     4 |    27 |     1 ||    32
